 Dungeon Crawl Stone Soup version 0.14-a0-2432-g6b3afca (webtiles) character file.

351 4tharraofdagon the Firebug (level 5, -6/35 HPs)
             Began as a Demonspawn Fire Elementalist on Feb 3, 2014.
             Was an Initiate of Sif Muna.
             Killed by divine providence
             ... invoked by an orc priest
              (12 damage)
             ... on Level 6 of the Dungeon on Feb 4, 2014.
             The game lasted 00:10:24 (1476 turns).

4tharraofdagon the Firebug (DsFE)                   Turns: 1476, Time: 00:10:24

HP  -6/35        AC  4     Str  9      XL: 5   Next: 32%
MP   6/9         EV 10     Int 17      God: Sif Muna [......]
Gold 172         SH  0     Dex 13      Spells:  2 memorised,  5 levels left

rFire  . . .     SeeInvis .     u - +2,+3 short sword
rCold  . . .     Clarity  .     f - +0 leather armour
rNeg   . . .     Conserve .     (no shield)
rPois  .         rCorr    .     (no helmet)
rElec  .         rRot     .     (no cloak)
SustAb . .       Spirit   .     (no gloves)
rMut   .         Warding  .     (no boots)
Saprov . . .     Stasis   .     (no amulet)
MR     .....                    (no ring)
                                (no ring)

@: very slightly contaminated, hasted, very quick, not resistant to hostile
enchantments, unstealthy
A: talons 1, icy blue scales 1
a: Renounce Religion


You were on level 6 of the Dungeon.
You worshipped Sif Muna.
Sif Muna was noncommittal.
You were not hungry.

You visited 2 branches of the dungeon, and saw 7 of its levels.

You collected 172 gold pieces.

Inventory:

Hand weapons
 m - a +2,+0 hand axe
 u - a +2,+3 short sword (weapon)
Missiles
 e - 46 darts (quivered)
 n - a throwing net
 p - 7 needles of sleeping
 y - 3 poisoned darts
Armour
 a - a +0 robe
 f - a +0 leather armour (worn)
Comestibles
 c - 3 bread rations
 l - 2 meat rations
 z - a rambutan
Scrolls
 d - 3 scrolls of curse weapon {unknown}
 g - 4 scrolls of identify {unknown}
 h - a scroll of enchant weapon II {unknown}
 i - 3 scrolls of magic mapping {unknown}
 j - a scroll of teleportation {unknown}
 k - 6 scrolls of remove curse {unknown}
 q - a scroll of recharging {unknown}
 v - a scroll of blinking {unknown}
 w - a scroll of immolation {unknown}
Jewellery
 o - an uncursed amulet of conservation {unknown}
Potions
 s - a potion of curing {unknown}
 x - 2 potions of resistance {unknown}
Books
 b - a book of Flames

   Spells                             Type                      Level
   *Flame Tongue                      Conjuration/Fire             1
   Throw Flame                        Conjuration/Fire             2
   *Conjure Flame                     Conjuration/Fire             3
   Inner Flame                        Hexes/Fire                   3
   Sticky Flame                       Conjuration/Fire             4
   Fireball                           Conjuration/Fire             5
 t - a book of Fire

   Spells                             Type                      Level
   Fire Brand                         Charms/Fire                  2
   Ignite Poison                      Fire/Transmutation           5
   Fireball                           Conjuration/Fire             5
   Bolt of Fire                       Conjuration/Fire             6
   Delayed Fireball                   Conjuration/Fire             7
   Ring of Flames                     Charms/Fire                  7


   Skills:
 - Level 1.7 Dodging
 - Level 1.7 Stealth
 + Level 2.7 Spellcasting
 * Level 3.3 Conjurations
 * Level 4.1 Fire Magic


You had 5 spell levels left.
You knew the following spells:

 Your Spells              Type           Power        Failure   Level  Hunger
a - Flame Tongue          Conj/Fire      ###..        4%          1    #......
b - Conjure Flame         Conj/Fire      ###.....     14%         3    ###....


Dungeon Overview and Level Annotations

Branches:
Dungeon (6/16)             Temple (1/1) D:4

Altars:
Ashenzari
Cheibriados
Elyvilon
Kikubaaqudgha
Makhleb
Nemelex Xobeh
Okawaru
Sif Muna
Vehumet
Xom
Yredelemnul
Zin
The Shining One


Innate Abilities, Weirdness & Mutations

You have sharp toenails.
You are partially covered in icy blue scales (AC +1).


Message History

A giant frog comes into view.
The giant frog moves out of view.
The giant frog gives a loud, deep croak!
The orc priest prays to Beogh.
You feel troubled.
A crimson imp comes into view.
The crimson imp shouts!
The crimson imp disappears for a moment.
Found 13 gold pieces.
The crimson imp disappears for a moment.
The giant frog hits you but does no damage.
Drink which item? (? for menu, Esc to quit)
You feel yourself speed up. The giant frog hits you.
* * * LOW HITPOINT WARNING * * *
The giant frog hits you but does no damage.
You are very lightly contaminated with residual magic.
Unknown command.
The orc priest invokes the aid of Beogh against you.
Something smites you!
You die...

.... ..............##.# #...#
...######...#.#.##.##.####...#
..z......{.{.................#
#ยง#######...#.#.##.##.####...#
#.#######...#.........# #...#
....o.................# #####
o......o...o#.........#
..#########o#.........#
o.......$.....g.@.....# ..#
###.....o.#.#...<.# ..#
#.......#F#.....# ..#
#....5..5z....>.# ..#
#...............# ..#
#.......#.#.....# .
#.......#.#.....#
......##.#..... .............


You could see a giant frog, an orc priest, a crimson imp, an orc, a worker ant
zombie and a goblin.

Vanquished Creatures
  The ghost of 4tharraofdagon the Vexing, a weakling FeEn (D:4)
  A water moccasin zombie (D:5)
  A hound (D:5)
  An iguana (D:5)
  A gnoll (D:2)
  An adder (D:2)
  A giant gecko (D:1)
  6 bats
  2 giant cockroaches
  4 goblins
  3 jackals
  3 ball pythons
  A giant newt (D:2)
  A gnoll skeleton (D:4)
  5 kobolds
  A quokka (D:4)
  5 rats
  A rat skeleton (D:4)
39 creatures vanquished.

Notes
Turn   | Place    | Note
--------------------------------------------------------------
     0 | D:1      | 4tharraofdagon, the Demonspawn Fire Elementalist, began the quest for the Orb.
     0 | D:1      | Reached XP level 1. HP: 13/13 MP: 3/3
   337 | D:1      | Reached skill level 3 in Fire Magic
   352 | D:1      | Gained mutation: You are partially covered in icy blue scales (AC +1). [demonic ancestry]
   352 | D:1      | Reached XP level 2. HP: 4/19 MP: 0/4
   681 | D:2      | Reached XP level 3. HP: 18/24 MP: 1/6
   700 | D:2      | Learned a level 3 spell: Conjure Flame
  1063 | D:4      | Found a staircase to the Ecumenical Temple.
  1069 | D:4      | Noticed 4tharraofdagon's ghost (weakling FeEn)
  1083 | Temple   | Entered the Ecumenical Temple
  1115 | Temple   | Became a worshipper of Sif Muna the Loreminder
  1171 | D:4      | Killed 4tharraofdagon's ghost
  1171 | D:4      | Reached XP level 4. HP: 27/30 MP: 4/8
  1241 | D:5      | Entered Level 5 of the Dungeon
  1355 | D:5      | Gained mutation: You have sharp toenails. [demonic ancestry]
  1355 | D:5      | Reached XP level 5. HP: 35/35 MP: 0/9
  1385 | D:5      | Reached skill level 4 in Fire Magic
  1408 | D:6      | Upgraded the game from 0.14-a0-2400-gb2944a8 to 0.14-a0-2432-g6b3afca
  1476 | D:6      | Killed from afar by an orc priest

Action                   |  1- 3 |  4- 6 || total
-------------------------+-------+-------++-------
Melee: Unarmed           |    12 |       ||    12
       Hand axe          |    50 |       ||    50
       Short sword       |       |    13 ||    13
Throw: Dart              |     1 |       ||     1
       Throwing net      |     1 |       ||     1
 Cast: Flame Tongue      |    28 |    13 ||    41
       Conjure Flame     |       |     3 ||     3
  Use: Potion            |     2 |     1 ||     3
